AoeStats
← Babayaga (/=\)

Arabia

510209382Analyzed
1v1 RM · 19h ago on Sep 30, 2026· 41m 53s· 2 players
Game mode
Random Map
Map size
Tiny (2 player)
Population
200
Speed
Normal
Resources
Standard
Victory
Conquest
Starting age
Dark Age
Ending age
Imperial Age
RankedLock teamsTeams togetherTeam positionsShared explorationLock speedFull tech treeHidden civsTurbo modeCheats
Victory
Defeat
🇸🇪 Burgundians · Sweden
636
+17
🇮🇩 Lithuanians · Indonesia
662
-17
Babayaga (/=\)
10:31 Loom
12:17 Feudal Age
14:50 Double-Bit Axe
14:53 Horse Collar
17:54 Castle Age
18:03 Forging
18:03 Cavalier
19:04 Husbandry
19:25 Scale Barding Armor
32:06 Iron Casting
38:28 Bow Saw
commandermaven
8:02 Loom
10:11 Feudal Age
15:40 Castle Age
15:07 Double-Bit Axe
15:04 Horse Collar
32:21 Forging
34:45 Pikeman
Connection lost

Rejoining the realm…

Still unreachable

The connection could not be restored.

Session expired

The server has moved on; the page needs a fresh start.